cohdb
Replays
Latest Replays
All Replays
Popular Replays
Top Player Replays
Match Explorer
How It Works
Community
CoH3 Stats
Reddit
Sign in to upload your games and track your stats! →
Sign in with Steam
Match 40059072
Unlisted
Match 40059072
Overview
Messages
Build Orders
End
Royal Engineer Section
Vickers Machine Gun Team
Construct Section Command Post
Infantry Section
Infantry Section
Construct Platoon Command Post
Humber Armored Car
6-pounder Anti-tank Gun Team
Selects Canadian Shock Battlegroup
Selects Attacking Spirit
Selects Canadian Shock Section
Canadian Shock Section
Construct Company Command Post
Selects Incendiary Munitions
Selects Pyrotechnics
Foot Guards Section
Matilda II Heavy Tank
Selects Point Assault
Point Assault
Stormless
grunka lunka
Saueee
Leo invictum
0
0
Comments
sign in to comment!
No comments posted yet!